AoeStats
← Accor

Oasis

510204787Analyzed
4v4 RM · 2d ago on Sep 29, 2026· 75m 55s· 8 players
Game mode
Random Map
Map size
Large (8 player)
Population
200
Speed
Normal
Resources
Standard
Victory
Conquest
Starting age
Dark Age
Ending age
Imperial Age
RankedLock teamsTeams togetherTeam positionsShared explorationLock speedFull tech treeHidden civsTurbo modeCheats
Victory
Defeat
🇧🇷 Franks · Brazil
1116
+12
🇨🇳 Italians · China
1099
+13
🇨🇦 Inca · Canada
1065
+14
🇺🇸 Varangians · United States
1021
+17
🇨🇦 Vikings · Canada
1051
-15
🇺🇸 Goths · United States
1037
-14
🇬🇧 Mongols · United Kingdom
1036
-14
🇨🇦 Franks · Canada
1000
-40
Standing Alone!
10:55 Feudal Age
16:38 Castle Age
14:42 Double-Bit Axe
15:55 Horse Collar
21:25 Heavy Plow
24:11 Imperial Age
21:45 Loom
21:46 Town Watch
23:54 Wheelbarrow
25:55 Bow Saw
26:35 Scale Mail Armor
25:57 Pikeman
27:58 Hand Cart
27:22 Man-at-Arms
28:14 Squires
28:30 Chain Mail Armor
28:02 Long Swordsman
28:56 Stone Mining
29:07 Gold Mining
31:08 Forging
32:13 Two-Man Saw
30:52 Halberdier
32:49 Iron Casting
32:27 Two-Handed Swordsman
33:40 Anarchy
35:12 Blast Furnace
36:40 Champion
39:27 Elite Huskarl
49:38 Perfusion
49:59 Conscription
49:56 Fletching
52:56 Caravan
54:14 Crop Rotation
54:56 Bodkin Arrow
69:00 Bracer
71:24 Padded Archer Armor
70:53 Elite Skirmisher
75:01 Leather Archer Armor
Accor
7:36 Loom
8:01 Loom
10:01 Feudal Age
15:30 Horse Collar
21:54 Castle Age
20:06 Fletching
20:26 Double-Bit Axe
21:00 Padded Archer Armor
21:17 Stone Mining
22:55 Gold Mining
23:08 Heavy Plow
23:21 Bow Saw
25:59 Wheelbarrow
31:42 Imperial Age
32:00 Bodkin Arrow
32:25 Leather Archer Armor
33:04 Stone Shaft Mining
32:09 Pikeman
33:21 Drill
34:05 Chemistry
33:34 Onager
35:45 Bloodlines
35:36 Husbandry
35:42 Bracer
37:26 Conscription
38:46 Scale Mail Armor
38:57 Forging
40:08 Squires
41:27 Ballistics
41:25 Chain Mail Armor
41:45 Iron Casting
44:09 Siege Engineers
59:35 Siege Onager
62:51 Plate Mail Armor
64:09 Elite Mangudai
Stormtrooper
12:33 Feudal Age
14:35 Double-Bit Axe
18:23 Gold Mining
19:10 Stone Mining
20:34 Wheelbarrow
23:18 Castle Age
23:30 Pikeman
25:11 Husbandry
26:31 Squires
26:58 Scale Mail Armor
27:06 Scale Barding Armor
29:36 Bow Saw
32:24 Hand Cart
32:05 Town Watch
37:10 Gold Shaft Mining
36:40 Town Patrol
40:41 Imperial Age
39:25 Scale Mail Armor
40:27 Chain Mail Armor
40:34 Chain Barding Armor
40:26 Forging
41:06 Treadmill Crane
41:24 Murder Holes
41:52 Ballistics
41:07 Cavalier
41:18 Halberdier
46:52 Plate Mail Armor
46:59 Plate Barding Armor
47:00 Iron Casting
49:18 Paladin
53:41 Light Cavalry
56:02 Arson
58:19 Blast Furnace
57:12 Fletching
57:36 Masonry
57:38 Siege Engineers
63:59 Herbal Medicine
65:57 Sanctity
65:42 Devotion
66:21 Fervor
67:04 Chivalry
67:25 Conscription
67:53 Architecture
WolfNightmare02
7:56 Loom
10:23 Feudal Age
13:25 Double-Bit Axe
14:14 Horse Collar
16:39 Fletching
18:13 Padded Archer Armor
22:59 Castle Age
23:01 Crossbowman
24:05 Bodkin Arrow
24:27 Bow Saw
34:10 Gold Mining
34:12 Stone Mining
37:43 Town Watch
39:02 Ballistics
45:43 Imperial Age
44:09 Heavy Plow
45:03 Caravan
47:12 Hoardings
47:00 Conscription
47:15 Hoardings
48:32 Arbalester
53:04 Chemistry
54:21 Bracer
54:47 Siege Engineers
54:53 Masonry
56:53 Bogsveigar
57:43 Elite Skirmisher
73:17 Capped Ram
74:41 Siege Ram
在里面
12:11 Feudal Age
13:00 Loom
14:36 Double-Bit Axe
14:31 Horse Collar
15:28 Arson
17:18 Champi Runner
25:06 Castle Age
26:03 Squires
29:29 Wheelbarrow
29:39 Heavy Plow
30:32 Bow Saw
30:09 Champi Warrior
33:20 Pikeman
36:47 Gold Mining
36:48 Stone Mining
37:16 Hand Cart
36:47 Town Watch
41:01 Imperial Age
39:39 Gold Shaft Mining
41:47 Fortified Wall
41:39 Elite Champi Warrior
43:19 Guilds
44:18 Crop Rotation
44:25 Stone Shaft Mining
43:13 Elite Champi Warrior
44:59 Hoardings
44:53 Conscription
44:42 Halberdier
45:51 Fabric Shields
45:53 Andean Sling
47:52 Elite Skirmisher
48:43 Treadmill Crane
49:00 Murder Holes
50:42 Halberdier
51:41 Forging
51:32 Scale Mail Armor
51:22 Fletching
51:32 Padded Archer Armor
51:56 Ballistics
52:37 Chemistry
56:08 Iron Casting
55:48 Chain Mail Armor
55:29 Bodkin Arrow
55:49 Leather Archer Armor
55:40 Caravan
57:15 Guard Tower
57:11 Arrowslits
57:37 Masonry
66:26 Blast Furnace
65:56 Plate Mail Armor
66:05 Plate Mail Armor
65:36 Bracer
66:06 Ring Archer Armor
littlepickle
9:10 Loom
11:39 Feudal Age
16:38 Castle Age
15:00 Double-Bit Axe
16:55 Wheelbarrow
19:26 Horse Collar
23:47 Bow Saw
31:14 Imperial Age
29:18 Hand Cart
29:36 Heavy Plow
30:59 Fletching
31:09 Padded Archer Armor
31:07 Gold Mining
31:09 Stone Mining
32:05 Caravan
32:46 Crop Rotation
33:19 Two-Man Saw
33:22 Conscription
34:08 Chemistry
34:58 Stone Shaft Mining
34:07 Elite Jarl
35:59 Ballistics
35:50 Fortified Wall
35:36 Murder Holes
35:40 Vendel Legacy
36:21 Bodkin Arrow
36:41 Leather Archer Armor
37:06 Bracer
37:16 Husbandry
37:31 Bloodlines
39:31 Ring Archer Armor
39:12 Forging
39:07 Scale Barding Armor
38:34 Cavalier
41:55 Iron Casting
44:04 Blast Furnace
43:25 Chain Barding Armor
45:28 Light Cavalry
46:11 Gothikon
47:22 Hussar
51:41 Arson
52:01 Squires
52:09 Gambesons
52:09 Elite Varangian Guard
HUOHUO
7:28 Loom
10:16 Feudal Age
17:16 Castle Age
15:58 Double-Bit Axe
15:56 Horse Collar
22:44 Bow Saw
25:24 Stone Mining
27:23 Wheelbarrow
32:32 Imperial Age
29:51 Treadmill Crane
30:27 Masonry
30:22 Heavy Plow
30:21 Gold Mining
30:40 Fletching
31:13 Padded Archer Armor
31:47 Ballistics
32:49 Stone Shaft Mining
32:42 Bodkin Arrow
33:06 Leather Archer Armor
33:30 Bracer
34:38 Chemistry
34:39 Conscription
35:43 Ring Archer Armor
35:38 Scale Barding Armor
36:14 Hand Cart
37:04 Chain Barding Armor
36:08 Light Cavalry
37:50 Hussar
39:08 Plate Barding Armor
39:24 Bloodlines
40:23 Architecture
40:07 Town Watch
40:46 Forging
41:46 Hoardings
40:34 Elite Genoese Crossbowman
41:34 Husbandry
43:13 Iron Casting
48:14 Town Patrol
49:33 Thumb Ring
50:35 Blast Furnace
49:38 Murder Holes
50:41 Pirotechnia
72:45 Bombard Tower
74:11 Caravan
K
3:55 Loom
9:56 Feudal Age
10:33 Double-Bit Axe
18:32 Castle Age
17:26 Scale Barding Armor
18:38 Forging
24:14 Iron Casting
25:02 Wheelbarrow
28:42 Chain Barding Armor
32:08 Fletching
33:34 Bodkin Arrow
35:44 Bow Saw
37:11 Hand Cart
43:05 Imperial Age
41:29 Fortified Wall
42:02 Scale Mail Armor
42:05 Squires
42:48 Masonry
43:33 Chain Mail Armor
45:38 Blast Furnace
44:32 Cavalier
46:07 Caravan
46:42 Plate Mail Armor
47:44 Plate Barding Armor
47:59 Heavy Scorpion
50:41 Padded Archer Armor
52:46 Chemistry
52:17 Architecture
53:06 Murder Holes
56:41 Leather Archer Armor
57:35 Capped Ram
57:51 Paladin
58:31 Husbandry
59:27 Light Cavalry
60:31 Pikeman
65:32 Coinage
68:53 Hoardings
70:16 Chivalry
71:25 Halberdier
73:39 Ballistics
Connection lost

Rejoining the realm…

Still unreachable

The connection could not be restored.

Session expired

The server has moved on; the page needs a fresh start.